Map: Deathaura LE

Players

A.I. 1 (Very Easy) - Winner!

  • Race: Zerg Zerg
  • Spawn Location: 5:00

SortOf

  • Race: Zerg Zerg
  • League: Master
  • Spawn Location: 11:00

VOD

Have the link to the VOD?

Description

Time

  • Played on: Oct. 6, 2020, 5:08 p.m.
  • Length: 5:07
Show
View Real Time Build Order
Export as new Build Order

A.I. 1 (Very Easy) Zerg - Winner!

Build Orders: Pool Only 

Get SALT Encoding   

  12  0:00  Drone  
  13  0:12  Overlord  
  13  0:16  Drone  
  14  0:35  Spawning Pool  
  14  0:37  Extractor  
  14  0:39  Drone  
  13  0:46  Drone  
  14  0:51  Overlord  
  14  1:22  Queen  
  14  1:23  Zergling x2  
  17  1:29  Roach Warren  
  16  1:33  Drone  
  16  1:37  Extractor  
  16  1:41  Drone  
  17  1:52  Zergling x2  
  18  1:59  Drone  
  19  2:07  Drone  
  20  2:17  Drone  
  20  2:21  Zergling x2  
  22  2:28  Overlord  
  22  2:29  Drone  
  23  2:37  Drone  
  24  2:44  Drone  
  25  2:50  Roach  
Show
View Real Time Build Order
Export as new Build Order

SortOf Zerg 

Build Orders: Hatch First 

Get SALT Encoding   

  12  0:00  Drone  
  13  0:12  Overlord  
  13  0:17  Drone  
  14  0:31  Drone x2  
  16  0:47  Hatchery  
  15  0:51  Drone  
  15  0:55  Drone  
  17  0:58  Drone  
  18  1:09  Extractor  
  17  1:13  Spawning Pool  
  17  1:16  Drone  
  17  1:19  Drone  
  18  1:27  Drone  
  19  1:38  Drone  
  20  1:49  Drone  
  21  2:00  Queen x2  
  25  2:01  Overlord  
  25  2:03  Drone  
  26  2:10  Drone  
  26  2:12  Drone  
  28  2:20  Drone  
  28  2:21  Drone  
  30  2:26  Extractor  
  29  2:31  Drone  
  29  2:32  Drone  
  29  2:36  Queen, Lair  
  33  2:42  Drone  
  34  2:45  Evolution Chamber  
  34  2:49  Drone  
  34  2:54  Roach Warren  
  34  2:55  Overlord  
  34  2:58  Drone  
  34  3:03  Drone  
  35  3:06  Drone  
  35  3:08  Overlord  
  35  3:12  Zerg Missile Weapons Level 1  
  36  3:19  Queen  
  38  3:24  Overlord  
  38  3:36  Glial Reconstitution  
  38  3:37  Roach x2  
  46  3:41  Roach x2  
  46  3:45  Roach  
  48  3:48  Roach  
  48  3:51  Overlord  
  50  3:57  Roach  
  50  4:01  Roach x2  
  56  4:06  Overlord  
  56  4:11  Roach  
  56  4:15  Roach  
  56  4:16  Roach  
  62  4:20  Overlord  
  62  4:25  Roach  
  62  4:31  Roach x2  
  68  4:36  Roach x2  
  72  4:40  Overlord  
  72  4:46  Roach  
Tags
 
League
Master
Matchup
ZvZ
Player
SortOf
Race
Zerg
Spawn Locations
Cross Positions
Add a new tag
Caveats
  • Supply blocks, unpowered buildings, or Contaminate may cause inaccurate times.
  • Supply counts are checked every 10 seconds.